AoeStats
← Weissbee

Four Lakes

507985078Analyzed
1v1 RM · 13d ago on Sep 20, 2026· 45m 29s· 2 players
Game mode
Random Map
Map size
Tiny (2 player)
Population
200
Speed
Normal
Resources
Standard
Victory
Conquest
Starting age
Dark Age
Ending age
Imperial Age
RankedLock teamsTeams togetherTeam positionsShared explorationLock speedFull tech treeHidden civsTurbo modeCheats
Victory
Defeat
🇧🇷 Japanese · Brazil
780
+16
🇺🇸 Goths · United States
780
-16
Weissbee
10:20 Feudal Age
11:27 Fishing Lines
14:46 Horse Collar
17:39 Gold Mining
19:59 Double-Bit Axe
21:50 Fletching
22:02 Scale Mail Armor
22:12 Forging
24:19 Castle Age
23:32 Loom
24:28 Man-at-Arms
25:12 Squires
25:32 Chain Mail Armor
25:52 Iron Casting
26:04 Wheelbarrow
25:49 Double-Bit Axe
30:05 Imperial Age
27:11 Long Swordsman
28:47 Heavy Plow
29:46 Bow Saw
29:34 Stone Mining
30:23 Two-Handed Swordsman
30:41 Pikeman
36:02 Blast Furnace
34:57 Bodkin Arrow
35:35 Perfusion
druciaki
12:29 Feudal Age
16:35 Castle Age
14:04 Man-at-Arms
14:51 Scale Mail Armor
15:55 Gold Mining
18:19 Double-Bit Axe
19:14 Gold Shaft Mining
18:21 Long Swordsman
22:14 Fishing Lines
23:32 Squires
25:08 Stone Mining
25:59 Gillnets
28:21 Wheelbarrow
27:32 Town Watch
27:35 Loom
28:19 Treadmill Crane
31:51 Imperial Age
30:02 Ballistics
30:18 Hand Cart
30:53 Town Patrol
31:41 Chain Mail Armor
31:36 Forging
32:49 Two-Handed Swordsman
34:38 Kataparuto
34:39 Conscription
37:46 Plate Mail Armor
37:52 Iron Casting
38:00 Champion
41:20 Blast Furnace
40:21 Elite Samurai
41:01 Heavy Scorpion
44:51 Fletching
46:12 Chemistry
45:23 Masonry
45:27 Fortified Wall
Connection lost

Rejoining the realm…

Still unreachable

The connection could not be restored.

Session expired

The server has moved on; the page needs a fresh start.